 Dungeon Crawl Stone Soup version 0.30-a0-777-ga9a30cbeda (webtiles) character file.

Game seed: 11072183707298488543

81 Twinkles the Sneak (level 4, -3/26 HPs)
             Began as a Kobold Enchanter on Feb 14, 2023.
             Slain by a gnoll
             ... wielding a +0 whip of venom
              (5 damage)
             ... on level 3 of the Dungeon.
             The game lasted 00:06:04 (1919 turns).

Twinkles the Sneak (Kobold Enchanter)               Turns: 1919, Time: 00:06:04

Health: -3/26      AC:  2    Str:  7    XL:     4   Next: 68%
Magic:  16/16      EV: 15    Int: 16    God:
Gold:   143        SH:  0    Dex: 15    Spells: 5/7 levels left

rFire   . . .      SeeInvis .    a - +1 dagger
rCold   . . .      Faith    .    (no shield)
rNeg    . . .      Spirit   .    b - +0 robe
rPois   .          Reflect  .    (no helmet)
rElec   .          Harm     .    (no cloak)
rCorr   .          Rampage  .    (no gloves)
Will    .....                    (no boots)
Stlth   ++++                     (no amulet)
HPRegen 0.24/turn                f - ring of magical power
MPRegen 0.15/turn                (no ring)

@: lethally poisoned (-3 -> -11)
A: small, no large weapons, nightstalker 3
a: no special abilities


You were on level 3 of the Dungeon.
You visited 1 branch of the dungeon, and saw 3 of its levels.

You collected 167 gold pieces.
You spent 24 gold pieces at shops.

Inventory:

Hand Weapons
 a - a +1 dagger (weapon)
Missiles
 h - 7 poisoned darts (quivered)
Armour
 b - a +0 robe (worn)
Jewellery
 f - a ring of magical power (left hand)
 k - a ring of positive energy
Scrolls
 c - a scroll of teleportation {unknown}
 e - a scroll of summoning {unknown}
 g - 2 scrolls of immolation {unknown}
 i - a scroll of fear {unknown}
 l - a scroll of magic mapping {unknown}
 Z - 3 scrolls of identify
Potions
 j - a potion of curing {unknown}
 m - a potion of heal wounds {unknown}
 n - a potion of resistance {unknown}
 I - 2 potions of invisibility
 Q - a potion of magic


   Skills:
 + Level 1.8 Fighting
 + Level 2.9 Short Blades
 + Level 3.4 Dodging
 + Level 4.9 Stealth
 - Level 2.2 Spellcasting
 - Level 3.0 Hexes


You had 5 spell levels left.
You knew the following spells:

 Your Spells              Type           Power      Damage    Failure   Level
a - Ensorcelled Hibernat  Hex/Ice        12%        N/A       17%         2

Your spell library contained the following spells:

 Spells                   Type           Power      Damage    Failure   Level
 Confusing Touch          Hex            11%        N/A       17%         3
 Tukima's Dance           Hex            11%        N/A       17%         3
 Dazzling Flash           Conj/Hex       12%        N/A       32%         3
 Stone Arrow              Conj/Erth      2%         3d7       52%         3
 Animate Armour           Summ/Erth      2%         N/A       90%         4
 Lehudib's Crystal Spear  Conj/Erth      0%         10d2      100%        8


Dungeon Overview and Level Annotations

Branches:
Dungeon (3/15) Zot: 16094

Altars:

Shops:
D:2 ?

Annotations:
D:3 1 runed translucent door


Innate Abilities, Weirdness & Mutations

You are small and have problems with some larger weapons.
You are completely attuned to the shadows.


Message History

There is a stone staircase leading up here.
There is a stone staircase leading up here.
There is a stone staircase leading down here.
You climb downwards.
There is a stone staircase leading up here.
Found a runed translucent door.
A gnoll comes into view. It is wielding a +0 club.
The helpless gnoll fails to defend itself.
You impale the gnoll!!
You kill the gnoll! 3 gnolls come into view.
A gnoll is wielding a +0 whip of venom.
A gnoll is wielding a +2 vampiric whip.
You see here a +0 club.
The gnoll shouts!
The gnoll closely misses you. The gnoll attacks as you move away!
The gnoll completely misses you.
The gnoll shouts!
You see here a +0 club.
The gnoll attacks as you move away! The gnoll misses you.
The gnoll attacks as you move away!
The gnoll hits you with a +0 whip of venom.
You are poisoned.
You feel sick.
You feel sick. The gnoll attacks as you move away!
The gnoll hits you with a +0 whip of venom.
You are lethally poisoned!
You feel very sick.
* * * LOW HITPOINT WARNING * * *
You feel very sick. The gnoll attacks as you move away!
The gnoll barely misses you.
* * * LOW HITPOINT WARNING * * *
You feel very sick.
Okay, then.
As you read the scroll of identify, it crumbles to dust.
d - a potion of magic;
Q - a potion of magic
* * * LOW HITPOINT WARNING * * *
You feel very sick.
The gnoll hits you with a +0 whip of venom.
You die...

#.# ####.####
....<...#
####.#### #.##
#..# ##.# #.#
#@# ####g######
.....g.g..#
####.###g## ###
#.# #.# #g. ###
#g# #g# #. #g##
#.#
+..#..####.##.
#........g....#


You could see 2 gnolls.

Vanquished Creatures
  3 gnolls
  An adder (D:2)
  A worm (D:2)
  A dart slug (D:1)
  2 ball pythons (D:2)
  4 endoplasms
  A giant cockroach (D:2)
  7 goblins
  2 hobgoblins (D:2)
  3 jackals (D:1)
  4 quokkas
  2 kobolds (D:1)
  5 rats
36 creatures vanquished.

Notes
Turn   | Place    | Note
-------+----------+-------------------------------------------
     0 | D:1      | Twinkles the Kobold Enchanter began the quest for the Orb.
     0 | D:1      | Reached XP level 1. HP: 10/10 MP: 3/3
   141 | D:1      | Reached XP level 2. HP: 16/16 MP: 5/5
   301 | D:1      | Reached XP level 3. HP: 15/20 MP: 6/6
   351 | D:1      | Reached skill level 1 in Fighting
  1152 | D:2      | Reached XP level 4. HP: 25/25 MP: 7/7
  1165 | D:2      | Found Hudysyat's Magic Scroll Shoppe.
  1168 | D:2      | Bought a scroll of identify for 24 gold pieces
  1432 | D:2      | Learned a level 2 spell: Ensorcelled Hibernation
  1897 | D:3      | Found a runed translucent door.
  1917 | D:3      | HP: 7/26 [poisoned by a gnoll]
  1919 | D:3      | HP: 2/26 [poisoned by a gnoll]
  1919 | D:3      | Slain by a gnoll

Illustrated notes

Levels and vault maps discovered:
D:1:      dpeg_arrival_lava_altar, layout_loops_ring
D:2:      layout_basic, serial_shops, shop, st_stairs_14
D:3:      layout_loops_ring, nicolae_hepliaklqana_ecumenical_no_more,
          ebering_ghost_sewer_f, minmay_diced_spiral

Skill      XL: |  1  2  3 |
---------------+----------+-----
Short Blades   | 2 |  2.9
Fighting       | 1 |  1.8
Dodging        | 3 |  3.4
Stealth        | |  4.9
Spellcasting   | |  2.2
Hexes          | |  3.0

Action                     |  1- 3 |  4- 6 || total
---------------------------+-------+-------++-------
  Melee: Dagger            |    61 |    53 ||   114
         Punch             |       |     1 ||     1
    Use: Scroll            |       |     1 ||     1
   Stab: Sleeping          |    16 |     4 ||    20
 Armour: Robe              |     4 |     4 ||     8
  Dodge: Dodged            |    32 |    26 ||    58

Table legend: (Time is in decaauts)
 A = Elapsed time spent in this place.
 B = Non-inter-level travel time spent in this place.
 C = Inter-level travel time spent in this place.
 D = Time resting spent in this place.
 E = Time spent auto-exploring this place.
 F = Levels seen in this place.
 G = Mean time per level.
                   A        B        C        D        E       F      G
               +--------+--------+--------+--------+--------+-----+--------+
         Total |   1904 |   1798 |    106 |      0 |   1524 |   3 |  634.7 |
       Dungeon |   1904 |   1798 |    106 |      0 |   1524 |   3 |  634.7 |
               +--------+--------+--------+--------+--------+-----+--------+

Top non-repeatable levels by time:
     D:1: 978 daAuts
     D:2: 886 daAuts
     D:3: 40 daAuts
